General information
- name: BNet
- type: Ladder team game (AT/RT)
- host: Battle.net
- saver: UndeadSteveJobs
map: GolemsInTheMist
- players: 8
- length: 26:17
- speed: Fast
- version: 1.26 W3XP
- replay type: Public
» download(143 KB)
Players
team 1 (loser)
mtldemolition (
red | 34 APM | 796 actions | 23:38)
2 Blademaster
1 Wind Walk
1 Mirror Image
1 Blood Mage
1 Siphon Mana
» actions
| Build / train | 102 | |
| Enter build submenu | 64 | |
| Enter hero's abilities submenu | 3 | |
| Right click | 225 | |
| Select / deselect | 315 | |
| Use ability | 87 | |
796 total
» units
| Peon | 8 | |
| Grunt | 10 | |
| Wind Rider | 5 | |
| Peasant | 6 | |
| Gryphon Rider | 25 | |
54 total
» upgrades
| Armor | 4 | |
| Reinforced Defenses | 1 | |
| Envenomed Spears | 1 | |
| Masonry | 2 | |
| Swords | 3 | |
11 total
» buildings
| Orc Burrow | 6 | |
| Altar of Storms | 1 | |
| Barracks | 2 | |
| Voodoo Lounge | 1 | |
| War Mill | 2 | |
| Stronghold | 1 | |
| Watch Tower | 3 | |
| Fortress | 1 | |
| Beastiary | 2 | |
| Gryphon Aviary | 3 | |
| Scout Tower | 33 | |
| Guard Tower | 28 | |
| Farm | 7 | |
| Blacksmith | 1 | |
| Arcane Tower | 2 | |
| Great Hall | 1 | |
94 total
» build order
00:10 Orc Burrow
00:15 Altar of Storms
01:13 Barracks
01:24 Orc Burrow
02:09 Barracks
02:37 Voodoo Lounge
03:56 War Mill
04:44 Stronghold
05:16 Orc Burrow
05:50 Orc Burrow
05:58 Watch Tower
07:12 Fortress
07:29 Beastiary
08:45 Beastiary
09:27 Gryphon Aviary
09:45 Gryphon Aviary
09:49 Gryphon Aviary
10:10 Scout Tower
10:15 Scout Tower
10:28 Scout Tower
10:34 Scout Tower
10:41 Guard Tower
10:46 Scout Tower
10:48 Guard Tower
10:53 Farm
10:59 Guard Tower
11:04 Guard Tower
11:13 Blacksmith
11:21 Watch Tower
11:29 Farm
11:33 Scout Tower
11:36 Scout Tower
11:51 Farm
12:07 Guard Tower
12:09 Guard Tower
12:13 Scout Tower
12:17 Farm
12:21 Farm
12:32 Watch Tower
12:38 Orc Burrow
12:45 Orc Burrow
12:49 Guard Tower
12:53 Scout Tower
12:59 Scout Tower
13:30 Scout Tower
13:32 Guard Tower
13:34 Guard Tower
13:38 Scout Tower
13:40 Scout Tower
13:44 Scout Tower
14:04 Guard Tower
14:10 Arcane Tower
14:12 Guard Tower
14:16 Scout Tower
14:18 Guard Tower
14:22 Scout Tower
14:47 Guard Tower
14:53 Scout Tower
14:56 Scout Tower
15:17 Guard Tower
15:20 Farm
15:29 Guard Tower
15:30 Guard Tower
15:37 War Mill
15:51 Great Hall
16:13 Scout Tower
16:16 Scout Tower
16:43 Guard Tower
16:45 Guard Tower
16:49 Farm
16:53 Scout Tower
16:57 Scout Tower
17:01 Scout Tower
17:29 Guard Tower
17:31 Guard Tower
17:34 Scout Tower
17:40 Scout Tower
18:13 Guard Tower
18:14 Arcane Tower
18:16 Guard Tower
18:53 Scout Tower
18:56 Scout Tower
19:01 Scout Tower
20:05 Guard Tower
20:07 Guard Tower
20:09 Guard Tower
20:13 Scout Tower
20:49 Guard Tower
20:56 Scout Tower
21:33 Guard Tower
22:12 Scout Tower
23:22 Guard Tower
23:26 Scout Tower
23:31 Scout Tower
» items
Newport. (
pink | 28 APM | 741 actions | 26:16)
4 Blademaster
2 Wind Walk
2 Critical Strike
» actions
| Basic commands | 7 | |
| Build / train | 40 | |
| Enter build submenu | 32 | |
| Enter hero's abilities submenu | 4 | |
| Right click | 405 | |
| Select / deselect | 173 | |
| Use ability | 80 | |
741 total
» units
| Peon | 9 | |
| Troll Witch Doctor | 4 | |
| Shaman | 4 | |
17 total
» upgrades
| Shaman Training | 2 | |
| Witch Doctor Training | 2 | |
4 total
» buildings
| Altar of Storms | 1 | |
| Orc Burrow | 5 | |
| Stronghold | 1 | |
| Voodoo Lounge | 1 | |
| War Mill | 1 | |
| Spirit Lodge | 2 | |
| Fortress | 1 | |
| Watch Tower | 7 | |
| Farm | 1 | |
| Great Hall | 1 | |
| Guard Tower | 1 | |
22 total
» build order
00:06 Altar of Storms
00:13 Orc Burrow
02:19 Stronghold
02:25 Voodoo Lounge
03:37 War Mill
04:11 Orc Burrow
04:49 Spirit Lodge
04:51 Spirit Lodge
06:05 Fortress
06:17 Orc Burrow
06:19 Orc Burrow
11:23 Watch Tower
11:25 Watch Tower
16:45 Farm
19:27 Orc Burrow
23:31 Great Hall
23:52 Watch Tower
23:58 Watch Tower
24:01 Watch Tower
24:04 Guard Tower
25:11 Watch Tower
25:12 Watch Tower
» items
| Lesser Clarity Potion | 4 | |
| Healing Salve | 1 | |
| Scroll of Speed | 1 | |
| Potion of Healing | 2 | |
| Potion of Mana | 2 | |
| Scroll of Town Portal | 1 | |
11 total
asdfafa (
green | 45 APM | 375 actions | 08:15)
2 Blood Mage
1 Flame Strike
1 Banish
» actions
| Assign group hotkey | 10 | |
| Build / train | 30 | |
| Enter build submenu | 8 | |
| Enter hero's abilities submenu | 2 | |
| Right click | 178 | |
| Select / deselect | 56 | |
| Select group hotkey | 72 | |
| Use ability | 19 | |
375 total
» units
| Peasant | 12 | |
| Goblin Shredder | 1 | |
13 total
» upgrades
| Masonry | 1 | |
| Lumber Harvesting | 1 | |
2 total
» buildings
| Altar of Kings | 1 | |
| Farm | 2 | |
| Lumber Mill | 1 | |
| Scout Tower | 1 | |
| Arcane Vault | 1 | |
| Arcane Tower | 1 | |
| Keep | 1 | |
| Town Hall | 1 | |
| Castle | 2 | |
11 total
» build order
00:09 Altar of Kings
00:21 Farm
00:56 Lumber Mill
01:20 Farm
01:31 Scout Tower
01:58 Arcane Vault
02:00 Arcane Tower
03:12 Keep
03:46 Town Hall
05:36 Castle
05:36 Castle
» items
| Scroll of Regeneration | 2 | |
| Lesser Clarity Potion | 1 | |
| Potion of Healing | 2 | |
| Potion of Mana | 2 | |
7 total
totoy (
blue | 52 APM | 343 actions | 06:34)
1 Blademaster
1 Wind Walk
» actions
| Assign group hotkey | 1 | |
| Basic commands | 51 | |
| Build / train | 14 | |
| Enter build submenu | 26 | |
| Enter hero's abilities submenu | 1 | |
| Right click | 51 | |
| Select / deselect | 99 | |
| Select group hotkey | 76 | |
| Use ability | 24 | |
343 total
» units
» upgrades
» buildings
| War Mill | 2 | |
| Altar of Storms | 1 | |
| Orc Burrow | 4 | |
| Watch Tower | 10 | |
17 total
» build order
00:04 War Mill
00:07 War Mill
00:09 Altar of Storms
01:34 Orc Burrow
02:07 Watch Tower
02:31 Watch Tower
03:27 Watch Tower
03:49 Watch Tower
04:01 Watch Tower
04:12 Orc Burrow
04:31 Watch Tower
04:33 Watch Tower
04:49 Orc Burrow
05:21 Watch Tower
05:24 Orc Burrow
05:38 Watch Tower
05:40 Watch Tower
team 2 (winner)

»
ahhhfucyeah (
teal | 63 APM | 1648 actions | 26:16)
4 Demon Hunter
2 Mana Burn
2 Evasion
4 Priestess of the Moon
2 Trueshot Aura
2 Searing Arrows
» actions
| Assign group hotkey | 3 | |
| Basic commands | 47 | |
| Build / train | 88 | |
| Enter build submenu | 20 | |
| Enter hero's abilities submenu | 8 | |
| Remove unit from queue | 1 | |
| Right click | 1005 | |
| Select / deselect | 380 | |
| Select group hotkey | 34 | |
| Use ability | 62 | |
1648 total
» units
| Wisp | 24 | |
| Archer | 16 | |
| Hippogryph | 6 | |
| Chimaera | 1 | |
47 total
» upgrades
| Improved Bows | 1 | |
| Hippogryph Taming | 1 | |
| Strength of the Moon | 3 | |
| Moon Armor | 2 | |
| Marksmanship | 1 | |
| Corrosive Breath | 1 | |
| Strength of the Wild | 2 | |
| Reinforced Hides | 1 | |
12 total
» buildings
| Altar of Elders | 1 | |
| Ancient of War | 1 | |
| Moon Well | 8 | |
| Tree of Ages | 2 | |
| Hunter's Hall | 1 | |
| Tree of Eternity | 1 | |
| Ancient of Wind | 2 | |
| Ancient of Wonders | 1 | |
| Tree of Life | 2 | |
| Chimaera Roost | 2 | |
21 total
» build order
00:05 Altar of Elders
00:19 Ancient of War
00:23 Moon Well
01:43 Moon Well
02:38 Moon Well
05:06 Tree of Ages
05:06 Tree of Ages
05:09 Hunter's Hall
09:25 Tree of Eternity
09:30 Ancient of Wind
09:37 Ancient of Wonders
10:24 Ancient of Wind
12:25 Moon Well
12:27 Moon Well
12:29 Moon Well
18:46 Moon Well
18:48 Moon Well
18:54 Tree of Life
19:04 Chimaera Roost
19:06 Chimaera Roost
22:25 Tree of Life
» items
WhyNotYou (
orange | 39 APM | 1020 actions | 26:16)
3 Mountain King
2 Storm Bolt
1 Bash
2 Paladin
1 Holy Light
1 Divine Shield
2 Archmage
1 Blizzard
1 Summon Water Elemental
» actions
| Basic commands | 19 | |
| Build / train | 81 | |
| Enter build submenu | 28 | |
| Enter hero's abilities submenu | 7 | |
| Right click | 436 | |
| Select / deselect | 368 | |
| Use ability | 81 | |
1020 total
» units
| Peasant | 8 | |
| Footman | 5 | |
| Rifleman | 8 | |
| Goblin Shredder | 1 | |
| Siege Engine | 8 | |
30 total
» upgrades
| Lumber Harvesting | 1 | |
| Gunpowder | 3 | |
| Barrage | 1 | |
| Plating | 3 | |
| Long Rifles | 1 | |
9 total
» buildings
| Lumber Mill | 1 | |
| Barracks | 1 | |
| Farm | 7 | |
| Altar of Kings | 1 | |
| Scout Tower | 9 | |
| Arcane Tower | 4 | |
| Arcane Vault | 2 | |
| Keep | 1 | |
| Guard Tower | 4 | |
| Blacksmith | 1 | |
| Workshop | 1 | |
| Castle | 1 | |
| Cannon Tower | 2 | |
| Town Hall | 1 | |
36 total
» build order
00:30 Lumber Mill
00:42 Barracks
00:48 Farm
00:59 Altar of Kings
01:29 Farm
02:12 Scout Tower
02:19 Farm
02:41 Arcane Tower
02:45 Arcane Vault
03:02 Scout Tower
04:01 Scout Tower
04:32 Arcane Tower
04:47 Scout Tower
05:20 Keep
05:48 Scout Tower
06:16 Guard Tower
06:20 Farm
06:37 Blacksmith
06:57 Farm
07:52 Workshop
09:43 Scout Tower
09:52 Castle
10:23 Guard Tower
10:27 Scout Tower
10:57 Farm
11:59 Scout Tower
13:08 Arcane Tower
14:20 Farm
18:18 Cannon Tower
18:32 Town Hall
22:24 Scout Tower
22:56 Guard Tower
23:30 Arcane Vault
25:41 Guard Tower
25:43 Arcane Tower
25:47 Cannon Tower
» items
| Scroll of Regeneration | 1 | |
| Lesser Clarity Potion | 1 | |
| Potion of Healing | 8 | |
| Potion of Mana | 3 | |
| Ivory Tower | 4 | |
| Orb of Fire | 3 | |
20 total
UndeadSteveJobs (
purple | 47 APM | 1238 actions | 26:17)
7 Mountain King
3 Storm Bolt
3 Bash
1 Avatar
» actions
| Assign group hotkey | 138 | |
| Basic commands | 23 | |
| Build / train | 76 | |
| Enter build submenu | 25 | |
| Enter hero's abilities submenu | 7 | |
| Remove unit from queue | 1 | |
| Right click | 458 | |
| Select / deselect | 273 | |
| Select group hotkey | 192 | |
| Use ability | 45 | |
1238 total
» units
| Peasant | 6 | |
| Footman | 5 | |
| Gryphon Rider | 10 | |
| Rifleman | 1 | |
| Siege Engine | 4 | |
26 total
» upgrades
| Masonry | 3 | |
| Swords | 3 | |
| Lumber Harvesting | 1 | |
| Animal War Training | 1 | |
| Storm Hammers | 1 | |
| Armor | 2 | |
| Gunpowder | 2 | |
| Barrage | 1 | |
| Plating | 1 | |
15 total
» buildings
| Altar of Kings | 2 | |
| Barracks | 1 | |
| Farm | 10 | |
| Lumber Mill | 1 | |
| Keep | 1 | |
| Scout Tower | 6 | |
| Guard Tower | 19 | |
| Blacksmith | 1 | |
| Castle | 1 | |
| Gryphon Aviary | 2 | |
| Arcane Vault | 1 | |
| Workshop | 1 | |
46 total
» build order
00:08 Altar of Kings
00:11 Barracks
00:15 Altar of Kings
00:18 Farm
01:32 Farm
01:44 Lumber Mill
02:17 Keep
02:30 Scout Tower
02:32 Scout Tower
02:42 Scout Tower
02:47 Scout Tower
03:04 Guard Tower
03:17 Guard Tower
03:32 Guard Tower
03:32 Guard Tower
03:33 Guard Tower
03:44 Guard Tower
03:45 Guard Tower
03:45 Guard Tower
04:09 Farm
04:47 Blacksmith
05:12 Scout Tower
06:01 Castle
07:08 Guard Tower
07:11 Gryphon Aviary
08:45 Gryphon Aviary
09:34 Farm
09:37 Farm
10:32 Arcane Vault
11:07 Farm
12:37 Scout Tower
13:25 Guard Tower
13:26 Guard Tower
13:26 Guard Tower
13:26 Guard Tower
14:15 Farm
14:17 Farm
15:23 Farm
16:10 Workshop
16:40 Farm
» items
| Potion of Healing | 1 | |
| Orb of Fire | 1 | |
| Scroll of Town Portal | 1 | |
| Lesser Clarity Potion | 1 | |
4 total

»
VerticalLimit (
yellow | 61 APM | 1596 actions | 26:16)
4 Blademaster
1 Wind Walk
2 Critical Strike
1 Mirror Image
3 Shadow Hunter
1 Healing Wave
2 Serpent Ward
» actions
| Assign group hotkey | 38 | |
| Basic commands | 10 | |
| Build / train | 68 | |
| Enter build submenu | 14 | |
| Enter hero's abilities submenu | 7 | |
| Remove unit from queue | 4 | |
| Right click | 966 | |
| Select / deselect | 180 | |
| Select group hotkey | 272 | |
| Use ability | 37 | |
1596 total
» units
| Peon | 7 | |
| Grunt | 2 | |
| Troll Headhunter/Berserker | 4 | |
| Wind Rider | 4 | |
| Shaman | 4 | |
| Troll Witch Doctor | 7 | |
| Troll Batrider | 9 | |
| Demolisher | 3 | |
40 total
» upgrades
| Shaman Training | 2 | |
| Witch Doctor Training | 2 | |
| Liquid Fire | 1 | |
| Ranged Weapons | 2 | |
| Armor | 2 | |
| Burning Oil | 1 | |
10 total
» buildings
| Orc Burrow | 8 | |
| Altar of Storms | 1 | |
| Barracks | 1 | |
| Voodoo Lounge | 1 | |
| War Mill | 1 | |
| Stronghold | 1 | |
| Beastiary | 1 | |
| Spirit Lodge | 1 | |
| Fortress | 1 | |
16 total
» build order
00:12 Orc Burrow
00:21 Altar of Storms
00:37 Barracks
01:25 Orc Burrow
01:41 Voodoo Lounge
02:04 War Mill
03:07 Orc Burrow
03:52 Stronghold
04:48 Orc Burrow
05:23 Orc Burrow
06:52 Beastiary
06:59 Spirit Lodge
09:50 Fortress
11:55 Orc Burrow
13:16 Orc Burrow
14:43 Orc Burrow
» items
| Healing Salve | 1 | |
| Orb of Lightning | 1 | |
| Scroll of Speed | 1 | |
3 total
Chat log
(00:27 / All) UndeadSteveJobs: steve jobs died to a pc (pancreatic cancer)
(00:46 / All) asdfafa: im the onlly person on bnet to have a i7 processor, u guys are jealous arent u
(00:54 / All) UndeadSteveJobs: yes
(00:56 / All) UndeadSteveJobs: I am jelly
(01:05 / All) UndeadSteveJobs: and I'm steve motherfuckin' jobs
(01:35 / Allies) UndeadSteveJobs: talk niggas
(01:37 / Allies) UndeadSteveJobs: what plan
(01:53 / Allies) VerticalLimit: win lol
(02:06 / Allies) WhyNotYou: griffs
(04:11 / Allies) WhyNotYou: ty
(04:46 / Allies) ahhhfucyeah: hit em
(05:38 / All) UndeadSteveJobs: raped orctrash
(06:38 / All) UndeadSteveJobs: pwnt
(06:40 / All) UndeadSteveJobs: noobs
(07:11 / Allies) ahhhfucyeah: next
(07:24 / Allies) UndeadSteveJobs: tower up'
(08:28 / All) UndeadSteveJobs: raped
(08:31 / All) UndeadSteveJobs: you clowns suck
(08:57 / All) UndeadSteveJobs: just leave
(08:59 / All) UndeadSteveJobs: faggots
(10:26 / All) UndeadSteveJobs: leave
(10:27 / Allies) UndeadSteveJobs: faggots
(10:38 / All) UndeadSteveJobs: faggots
(10:40 / All) UndeadSteveJobs: leave
(10:41 / All) UndeadSteveJobs: god damn
(10:46 / All) UndeadSteveJobs: GET THE FUCK OUTI
(10:47 / All) UndeadSteveJobs: GET THE FUCK OUT
(11:57 / Allies) UndeadSteveJobs: wood please
(12:06 / Allies) UndeadSteveJobs: thanks
(12:09 / All) Newport.: more towers red
(12:10 / Allies) WhyNotYou: k
(12:49 / All) UndeadSteveJobs: leave faggots
(12:55 / All) UndeadSteveJobs: you lost when your SHIT team joined the game
(12:58 / All) UndeadSteveJobs: leave
(13:00 / All) UndeadSteveJobs: noobs
(13:38 / All) UndeadSteveJobs: READY TO GET ROCKED?
(13:57 / All) UndeadSteveJobs: gg?
(14:01 / All) UndeadSteveJobs: get the fuck out
(14:13 / All) ahhhfucyeah: keep tageting my dh
(14:22 / All) ahhhfucyeah: lol
(14:26 / All) UndeadSteveJobs: leave
(14:47 / All) UndeadSteveJobs: you faggots lost, cry me a river build a bridge and get the fuck over it
(16:18 / All) UndeadSteveJobs: gg
(16:24 / All) UndeadSteveJobs: raped
(16:28 / All) UndeadSteveJobs: leave faggots
(17:30 / All) UndeadSteveJobs: leave faggots
(17:35 / All) Newport.: lmao
(19:15 / Allies) UndeadSteveJobs: I'm getting tanks
(21:01 / All) UndeadSteveJobs: raped
(22:32 / Allies) UndeadSteveJobs: healing ward please
(23:17 / Allies) UndeadSteveJobs: thanks
(23:41 / All) UndeadSteveJobs: GG
(23:43 / All) UndeadSteveJobs: faggots
(23:48 / All) UndeadSteveJobs: you clowns suck
(25:44 / All) UndeadSteveJobs: eZ
(25:47 / All) UndeadSteveJobs: raped
(25:51 / All) UndeadSteveJobs: you idiots suck
(25:55 / All) Newport.: not over yet nub
(25:58 / All) UndeadSteveJobs: yes it is
(26:00 / All) UndeadSteveJobs: faggot
(26:03 / All) UndeadSteveJobs: get the FUCK out
(26:12 / All) Newport.: lol
(26:14 / All) UndeadSteveJobs: gg